 Dungeon Crawl Stone Soup version 0.29-a0-284-gf9362112df (webtiles) character file.

Game seed: 11838452729702289883

43 mistaj the Skirmisher (level 3, -2/29 HPs)
             Began as a Demonspawn Fighter on Mar 22, 2022.
             Slain by an iguana (8 damage)
             ... on level 3 of the Dungeon.
             The game lasted 00:02:07 (1748 turns).

mistaj the Skirmisher (Demonspawn Fighter)          Turns: 1748, Time: 00:02:08

Health: -2/29      AC:  9    Str: 18    XL:     3   Next: 37%
Magic:  3/3        EV:  9    Int:  9    God:
Gold:   110        SH:  9    Dex: 12    Spells: 2/2 levels left

rFire   . . .      SeeInvis .   a - +0 war axe
rCold   . . .      Faith    .   c - +0 buckler
rNeg    . . .      Spirit   .   b - +0 scale mail
rPois   .          Reflect  +   (helmet restricted)
rElec   .          Harm     .   e - +2 cloak
rCorr   .          Rampage  .   (no gloves)
Will    .....                   (no boots)
Stlth   ..........              t - amulet of reflection
HPRegen 0.09/turn               (no ring)
MPRegen 0.08/turn               (no ring)

@: no status effects
A: antennae 1, demonic guardian 1
a: no special abilities


You were on level 3 of the Dungeon.
You visited 1 branch of the dungeon, and saw 3 of its levels.

You collected 110 gold pieces.

Inventory:

Hand Weapons
 a - a +0 war axe (weapon)
Missiles
 n - a throwing net (quivered)
Armour
 b - a +0 scale mail (worn)
 c - a +0 buckler (worn)
 e - a +2 cloak (worn)
Jewellery
 t - an amulet of reflection (around neck)
Scrolls
 f - a scroll of blinking {unknown}
 g - a scroll of teleportation {unknown}
 j - a scroll of enchant weapon {unknown}
 m - a scroll of fog {unknown}
 p - a scroll of enchant armour {unknown}
 q - a scroll of vulnerability {unknown}
 r - a scroll of immolation {unknown}
Potions
 d - a potion of might
 h - 3 potions of degeneration {unknown}
 i - a potion of berserk rage {unknown}
 k - 2 potions of attraction {unknown}
 l - 2 potions of curing {unknown}
 o - a potion of haste {unknown}
 s - a potion of mutation {unknown}


   Skills:
 + Level 3.3 Fighting
 * Level 2.7 Axes
 - Level 2.6 Armour
 + Level 3.1 Shields


You had 2 spell levels left.
You didn't know any spells.
Your spell library was empty.

Dungeon Overview and Level Annotations

Branches:
Dungeon (3/15)

Altars:


Innate Abilities, Weirdness & Mutations

You have a pair of small antennae on your head.
A weak demonic guardian rushes to your aid.


Message History

You see here a +0 club.
You see here a +0 club.
You see here 13 stones.
Things that are here:
a +0 short sword; a kobold skeleton Done exploring.
There is a stone staircase leading down here.
You climb downwards.
You hear the sound of rushing water.
There is an entrance to a sewer on this level.
Hurry and find it before the portal rusts away!
The iguana hisses angrily.
There is a stone staircase leading up here.
You hit the iguana but do no damage. The iguana bites you!
You closely miss the iguana. You block the iguana's attack.
You barely miss the iguana. The iguana bites you!
A demonic guardian appears!
You block the iguana's attack.
You are too injured to fight recklessly!
You are too injured to fight recklessly!
You are too injured to fight recklessly!
You hit the iguana but do no damage. The iguana barely misses you.
Your ufetubus hits the iguana but does no damage. x2
You hit the iguana but do no damage.
Your ufetubus hits the iguana but does no damage.
Your ufetubus hits the iguana. The iguana bites you.
Your ufetubus hits the iguana.
Your ufetubus barely misses the iguana.
You block the iguana's attack.
You hit the iguana.
The iguana is heavily wounded.
Your ufetubus hits the iguana. x2; The iguana bites your ufetubus!
Your ufetubus dies!
Your ufetubus disappears in a puff of smoke!
The iguana hisses angrily.
You hit the iguana.
The iguana is almost dead.
The iguana bites you.
* * * LOW HITPOINT WARNING * * *
You hit the iguana but do no damage.
The iguana is almost dead.
The iguana bites you!
You die...

#. #.# #.#
#.# #.# #.#
##.##
##..<##
#..@..#
.......l..#
.####.....#
##...##
#####


You could see an iguana.

Vanquished Creatures
  3 worms (D:2)
  A dart slug (D:1)
  3 ball pythons (D:1)
  2 endoplasms (D:2)
  3 goblins
  3 hobgoblins
  3 kobolds
  4 quokkas
  3 bats
  A frilled lizard (D:2)
  4 rats
30 creatures vanquished.

Notes
Turn   | Place    | Note
-------+----------+-------------------------------------------
     0 | D:1      | mistaj the Demonspawn Fighter began the quest for the Orb.
     0 | D:1      | Reached XP level 1. HP: 18/18 MP: 1/1
   461 | D:1      | Gained mutation: You have a pair of small antennae on your
                  | head. [demonic ancestry]
   461 | D:1      | Reached XP level 2. HP: 24/24 MP: 2/2
   706 | D:1      | Found a faded altar of an unknown god.
  1301 | D:2      | Gained mutation: A weak demonic guardian rushes to your
                  | aid. [demonic ancestry]
  1301 | D:2      | Reached XP level 3. HP: 29/29 MP: 3/3
  1748 | D:3      | Slain by an iguana

Illustrated notes

Levels and vault maps discovered:
D:1:      tarquinn_simple_flora_water_c, layout_loops_ring,
          shapermc_ecumenical_altar_notcrosses
D:2:      layout_rooms, kennysheep_cluttered_room
D:3:      layout_loops_ring, portal_sewer_entry_d, uniq_sigmund

Skill      XL: |  1  2 |
---------------+-------+-----
Axes           | 2 |  2.7
Shields        | 3 |  3.1
Fighting       | |  3.3
Armour         | |  2.6

Action                   || total
-------------------------++-------
Melee: War axe           ||   133
Armor: Scale mail        ||    68
Dodge: Dodged            ||    46
Block: Buckler           ||    42

Table legend: (Time is in decaauts)
 A = Elapsed time spent in this place.
 B = Non-inter-level travel time spent in this place.
 C = Inter-level travel time spent in this place.
 D = Time resting spent in this place.
 E = Time spent auto-exploring this place.
 F = Levels seen in this place.
 G = Mean time per level.
                   A        B        C        D        E       F      G
               +--------+--------+--------+--------+--------+-----+--------+
         Total |   1802 |   1772 |     30 |    308 |   1086 |   3 |  600.7 |
       Dungeon |   1802 |   1772 |     30 |    308 |   1086 |   3 |  600.7 |
               +--------+--------+--------+--------+--------+-----+--------+

Top non-repeatable levels by time:
     D:2: 1007 daAuts
     D:1: 783 daAuts
     D:3: 11 daAuts
